AoeStats
← xXxDstroyxXx

Fortress

510452591Analyzed
1v1 RM · 11h ago on Oct 1, 2026· 51m 45s· 2 players
Game mode
Random Map
Map size
Small (3 player)
Population
200
Speed
Normal
Resources
Standard
Victory
Conquest
Starting age
Dark Age
Ending age
Imperial Age
RankedLock teamsTeams togetherTeam positionsShared explorationLock speedFull tech treeHidden civsTurbo modeCheats
Victory
Defeat
🇨🇴 Mongols · Colombia
1689
+16
🇨🇳 Danes · China
1685
-16
海峡
7:09 Feudal Age
10:44 Castle Age
8:35 Horse Collar
9:01 Double-Bit Axe
11:52 Bow Saw
19:12 Heavy Plow
23:43 Imperial Age
22:17 Wheelbarrow
21:52 Scale Mail Armor
22:07 Squires
21:53 Arson
22:46 Forging
22:26 Gambesons
23:17 Chain Mail Armor
23:31 Chain Mail Armor
25:05 Iron Casting
24:22 Elite Jomsviking
25:42 Conscription
26:30 Plate Mail Armor
27:08 Iron Casting
29:27 Blast Furnace
33:26 Hand Cart
32:56 Town Watch
32:51 Hamask
34:15 Loom
34:31 Town Patrol
35:16 Fletching
35:26 Padded Archer Armor
36:00 Bodkin Arrow
36:55 Leather Archer Armor
37:17 Hoardings
37:05 Ballistics
36:57 Thumb Ring
36:21 Elite Skirmisher
38:10 Chemistry
38:59 Ring Archer Armor
38:30 Bracer
39:14 Masonry
39:02 Guard Tower
40:05 Arrowslits
40:19 Murder Holes
48:23 Keep
47:14 Onager
48:57 Northmen's Fury
49:45 Siege Engineers
49:52 Siege Onager
xXxDstroyxXx
7:08 Feudal Age
10:50 Castle Age
8:54 Double-Bit Axe
8:53 Horse Collar
14:16 Loom
18:30 Town Watch
19:56 Wheelbarrow
20:30 Town Patrol
21:34 Bow Saw
22:44 Fletching
22:55 Padded Archer Armor
25:38 Imperial Age
23:07 Gold Mining
23:50 Bodkin Arrow
24:22 Ballistics
24:15 Fortified Wall
24:42 Forging
23:57 Man-at-Arms
24:41 Scale Mail Armor
24:57 Leather Archer Armor
26:28 Iron Casting
25:16 Long Swordsman
25:57 Squires
27:41 Chemistry
26:44 Bracer
27:47 Thumb Ring
27:13 Two-Handed Swordsman
30:10 Conscription
31:05 Parthian Tactics
32:53 Bloodlines
32:43 Husbandry
34:20 Hand Cart
34:46 Masonry
35:50 Elite Mangudai
39:06 Light Cavalry
39:23 Heavy Cavalry Archer
40:40 Iron Casting
40:10 Scale Barding Armor
40:22 Hussar
41:00 Onager
43:26 Siege Onager
43:56 Elite Skirmisher
45:00 Chain Barding Armor
45:40 Blast Furnace
46:52 Hoardings
48:47 Hussar
51:30 Drill
Connection lost

Rejoining the realm…

Still unreachable

The connection could not be restored.

Session expired

The server has moved on; the page needs a fresh start.